 Dungeon Crawl Stone Soup version 0.31.0-11-ge490571c62 (webtiles) character file.

Game seed: 7385823819762171795

1064 KKCryptic the Sneak (level 8, 0/67 HPs)
             Began as a Naga Warper on Feb 5, 2024.
             Incinerated by a bombardier beetle (3 damage)
             ... with a burning spray
             ... on level 6 of the Dungeon.
             The game lasted 00:24:37 (5973 turns).

KKCryptic the Sneak (Naga Warper)                   Turns: 5973, Time: 00:24:38

Health: 0/67       AC: 10    Str: 22    XL:     8   Next: 27%
Magic:  11/11      EV:  7    Int: 13    God:
Gold:   220        SH:  0    Dex: 11    Spells: 8/11 levels left

rFire   . . .        s - +3 quarterstaff (chaos)
rCold   . . .        (shield currently unavailable)
rNeg    . . .        B - +0 robe
rPois   +            z - +1 helmet
rElec   .            (no cloak)
rCorr   .            (no gloves)
SInv    +            f - +1 barding
Will    +....        (no amulet)
Stlth   ++           w - +6 ring of strength
HPRegen 0.31/turn    (no ring)
MPRegen 0.12/turn

%: no passive effects
@: on fire, short of breath, hasted, glowing, quick
A: AC +2, large, see invisible, deformed body, poison resistance, slowness 2,
spit poison 1, naga tail 1
a: Spit Poison


You were on level 6 of the Dungeon.
You visited 1 branch of the dungeon, and saw 6 of its levels.

You collected 220 gold pieces.

Inventory:

Hand Weapons
 a - a +0 hand axe
 e - a +3 flail
 s - a +3 quarterstaff of chaos (weapon)
 t - a +3 short sword of speed
Missiles
 d - 6 darts of dispersal (quivered)
 k - 16 poisoned darts
Armour
 f - a +1 barding (worn)
 z - a +1 helmet (worn)
 B - a +0 robe (worn)
Jewellery
 q - a ring of positive energy
 w - a +6 ring of strength (left hand)
Wands
 y - a wand of flame (15)
Scrolls
 b - a scroll of fog {unknown}
 g - a scroll of enchant armour {unknown}
 j - a scroll of poison {unknown}
 m - a scroll of amnesia {unknown}
 n - a scroll of immolation {unknown}
 x - a scroll of summoning {unknown}
 A - a scroll of vulnerability {unknown}
 D - a scroll of silence {unknown}
Potions
 l - a potion of lignification
 u - a potion of might {unknown}
 v - a potion of enlightenment {unknown}
 C - a potion of degeneration {unknown}
 E - a potion of heal wounds {unknown}


   Skills:
 - Level 2.0 Fighting
 - Level 6.6(7.0) Axes
 * Level 3.1(5.2) Maces & Flails
 - Level 0.8 Throwing
 - Level 0.7 Armour
 - Level 1.5 Dodging
 + Level 6.7 Stealth
 - Level 2.0 Spellcasting
 - Level 5.0 Translocations


You had 8 spell levels left.
You knew the following spells:

 Your Spells              Type           Power      Damage    Failure   Level
a - Blink                 Tloc           28%        N/A       4%          2
b - Apportation           Tloc           28%        N/A       3%          1

Your spell library contained the following spells:

 Spells                   Type           Power      Damage    Failure   Level
 Lesser Beckoning         Tloc           28%        N/A       4%          2
 Gell's Gravitas          Tloc           14%        N/A       10%         3
 Teleport Other           Tloc           14%        N/A       10%         3
 Manifold Assault         Tloc           14%        N/A       32%         4
 Passage of Golubria      Tloc           14%        N/A       32%         4
 Vhi's Electric Charge    Tloc/Air       14%        N/A       65%         4
 Summon Forest            Summ/Tloc      3%         N/A       94%         5


Dungeon Overview and Level Annotations

Branches:
Dungeon (6/15)
 Temple: D:4-7

Altars:
Fedhas


Innate Abilities, Weirdness & Mutations

Your serpentine skin is tough. (AC +2)
You have supernaturally acute eyesight. (SInv)
Armour fits poorly on your strangely shaped body.
Your system is resistant to poisons. (rPois)
You cover ground very slowly.
You can spit poison.
You have a snake-like lower body.


Message History

The gnoll suddenly seems more resistant.
The gnoll is severely wounded.
The liquid fire burns you!
* * * LOW HITPOINT WARNING * * *
The bombardier beetle sprays incendiary fluid at you.
The burning spray hits you.
You are even more covered in liquid fire!
The gnoll closely misses you.
You closely miss the gnoll.
The gnoll is severely wounded.
The liquid fire burns you!
* * * LOW HITPOINT WARNING * * *
The gnoll hits you with a +3 spear of venom.
* * * LOW HITPOINT WARNING * * *
You hit the gnoll. You freeze the gnoll.
You kill the gnoll!
The liquid fire burns you!
* * * LOW HITPOINT WARNING * * *
Aiming: Spit Poison (1% risk of failure)
Press: ? - help, Shift-Dir - straight line, f - bombardier beetle
Aim: a bombardier beetle (78% to hit)
The splash of poison hits the bombardier beetle!
The bombardier beetle is almost dead.
The liquid fire burns you!
* * * LOW HITPOINT WARNING * * *
The ufetubus hits you but does no damage. x2
It was a potion of magic.
Magic courses through your body. The liquid fire burns you!
* * * LOW HITPOINT WARNING * * *
The ufetubus barely misses you.
The ufetubus hits you but does no damage.
The bombardier beetle sprays incendiary fluid at you.
The burning spray hits you.
You are even more covered in liquid fire!
Blink to where?
Press: ? - help, Dir - move target, p - bombardier beetle
Found a scroll labelled AHERHU DAAT.
As you read the scroll of blinking, it crumbles to dust.
The liquid fire burns you!
You die...

.......5....##.###.............
#+##g###.##.##.....####.....
#.##.#.............+ .....
#.##.#.#.#...#.....# ##.. #
#.##...#.#...#.....# .
##.###.##..................
........5####.##...........
......B..ยง.......##.........
.........####.##@##.........
##'##....# #.......##..... B.
#....+.............. #
#....#######.....#.. +....+
#.##..# #....# ... ..?. #...$#
#.. .#.# #....# #.# .#..


There were no monsters in sight!

Vanquished Creatures
  A black bear (D:4)
  2 ogres
  A scorpion (D:5)
  3 wights (D:6)
  2 bombardier beetles (D:5)
  2 gnoll boudas
  A jelly (D:5)
  Crazy Yiuf (D:5)
  An orc priest (D:4)
  An iguana (D:5)
  3 sleepcaps
  Robin (D:4)
  8 gnolls
  7 adders
  3 dart slugs
  3 ribbon worms
  13 orcs
  6 endoplasms
  4 giant cockroaches
  18 goblins
  16 hobgoblins
  3 jackals (D:4)
  3 quokkas
  2 ball pythons
  3 bats
  5 frilled lizards
  6 kobolds
  8 rats
127 creatures vanquished.

Notes
Turn   | Place    | Note
-------+----------+-------------------------------------------
     0 | D:1      | KKCryptic the Naga Warper began the quest for the Orb.
     0 | D:1      | Reached XP level 1. HP: 19/19 MP: 3/3
   240 | D:1      | Reached XP level 2. HP: 13/26 MP: 5/5
   297 | D:1      | Learned a level 2 spell: Blink
   756 | D:1      | Reached XP level 3. HP: 24/32 MP: 6/6
  1749 | D:2      | Reached XP level 4. HP: 38/39 MP: 7/7
  1819 | D:2      | Found a blossoming altar of Fedhas.
  2725 | D:4      | Noticed a black bear
  2734 | D:4      | Killed a black bear
  2735 | D:4      | Reached skill level 5 in Axes
  2735 | D:4      | Reached XP level 5. HP: 31/45 MP: 8/8
  2967 | D:4      | Reached XP level 6. HP: 26/52 MP: 9/9
  3123 | D:4      | Got the Catalogue of the Valley
  3127 | D:4      | Learned a level 1 spell: Apportation
  3519 | D:4      | Noticed Robin
  3541 | D:4      | Killed Robin
  3990 | D:5      | Entered Level 5 of the Dungeon
  4034 | D:4      | Reached skill level 1 in Stealth
  4453 | D:5      | Reached XP level 7. HP: 60/60 MP: 10/10
  4781 | D:5      | HP: 3/60 [ogre/+0 giant club (13)]
  4789 | D:5      | Reached skill level 5 in Stealth
  5507 | D:5      | Found a runed translucent door.
  5508 | D:5      | Noticed Crazy Yiuf
  5518 | D:5      | Killed Crazy Yiuf
  5704 | D:6      | Reached skill level 1 in Maces & Flails
  5707 | D:6      | Reached XP level 8. HP: 40/67 MP: 11/11
  5715 | D:6      | Reached skill level 5 in Translocations
  5972 | D:6      | HP: 3/67 [burnt (4)]
  5973 | D:6      | Incinerated by a bombardier beetle

Illustrated notes

Levels and vault maps discovered:
D:1:      dpeg_arrival_renting, layout_loops_corners
D:2:      layout_loops_cross, basic_altar
D:3:      layout_basic, dk_noncrumbling_3, minmay_misc_feat_pillars
D:4:      kennysheep_goblin_castle, layout_rooms
D:5:      layout_loops_corners, uniq_crazy_yiuf_cottage
D:6:      layout_basic, nicolae_temple_entry_ecumenical,
          hellmonk_ghost_happy_afterlife

Skill      XL: |  1  2  3  4  5  6  7  8 |
---------------+-------------------------+-----
Axes           | 3 4 5 6 |  6.6
Stealth        | 3 6 |  6.7
Translocations | 4 5 |  5.0
Maces & Flails | 1 3 |  3.1
Fighting       | |  2.0
Throwing       | |  0.8
Armour         | |  0.7
Dodging        | |  1.5
Spellcasting   | |  2.0

Action                     |  1- 3 |  4- 6 |  7- 9 || total
---------------------------+-------+-------+-------++-------
  Melee: Hand axe          |   131 |   210 |    70 ||   411
         Punch             |     2 |     1 |     1 ||     4
         Quarterstaff      |       |       |    31 ||    31
  Throw: Dart              |       |     2 |       ||     2
   Cast: Blink             |     1 |       |       ||     1
Ability: Spit Poison       |    10 |    32 |    13 ||    55
    Use: Scroll            |       |     1 |     5 ||     6
         Potion            |       |       |     6 ||     6
   Stab: Sleeping          |       |       |     1 ||     1
 Armour: Leather armour    |   120 |   172 |       ||   292
         Robe              |       |    18 |    86 ||   104
  Dodge: Dodged            |    67 |    87 |    22 ||   176
